Map: Романтицид РВ

Players

Doll - Winner!

  • Race: Protoss Protoss
  • Spawn Location: 5:00

ИИ 1 (знаток)

  • Race: Terran Terran
  • Spawn Location: 11:00

VOD

Have the link to the VOD?

Description

Time

  • Played on: Dec. 21, 2020, 4:45 a.m.
  • Length: 11:50
Show
View Real Time Build Order
Export as new Build Order

Doll Protoss - Winner!

Build Orders: 1 Gate Expand 

Get SALT Encoding   

  12  0:00  Probe  
  13  0:12  Probe  
  14  0:20  Pylon  
  14  0:25  Probe  
  15  0:40  Gateway  
  15  0:41  Probe (Chrono Boost)  
  16  0:47  Assimilator  
  16  0:51  Probe (Chrono Boost)  
  17  0:57  Pylon, Probe  
  18  1:10  Probe  
  19  1:27  Probe  
  20  1:34  Nexus  
  20  1:42  Zealot  
  20  1:45  Probe  
  23  1:53  Assimilator  
  23  1:57  Probe  
  24  2:09  Zealot  
  24  2:10  Probe  
  27  2:17  Cybernetics Core  
  27  2:23  Probe  
  28  2:36  Zealot  
  30  2:38  Pylon  
  30  2:44  Gateway  
  30  2:47  Probe x2  
  32  2:53  Warp Gate  
  32  3:00  Probe x2  
  32  3:04  Stalker  
  36  3:15  Probe  
  36  3:17  Stargate, Probe  
  38  3:28  Robotics Facility, Probe  
  38  3:31  Probe  
  40  3:34  Sentry  
  40  3:39  Stalker  
  44  3:41  Probe  
  44  3:47  Probe  
  44  3:48  Pylon  
  46  3:56  Probe  
  46  3:57  Void Ray  
  46  4:02  Probe  
  48  4:05  Zealot  
  54  4:10  Probe  
  54  4:12  Pylon  
  54  4:15  Probe  
  56  4:17  Observer  
  56  4:18  Stalker  
  56  4:23  Probe  
  56  4:24  Pylon  
  60  4:28  Assimilator  
  60  4:31  Probe  
  61  4:34  Assimilator, Void Ray  
  61  4:38  Probe  
  61  4:45  Zealot  
  68  4:49  Probe  
  69  4:55  Probe  
  69  4:56  Zealot  
  69  4:57  Twilight Council  
  72  5:01  Pylon  
  72  5:02  Probe  
  73  5:08  Probe  
  73  5:10  Gateway  
  73  5:13  Pylon  
  74  5:15  Zealot  
  74  5:16  Void Ray  
  74  5:20  Probe  
  77  5:23  Probe  
  82  5:34  Probe  
  83  5:39  Probe  
  83  5:40  Fleet Beacon  
  83  5:42  Stalker  
  86  5:44  Zealot  
  86  5:47  Probe  
  89  5:50  Pylon  
  89  5:53  Probe  
  89  5:54  Void Ray  
  94  6:12  Nexus  
  94  6:13  Zealot  
  94  6:14  Sentry  
  94  6:17  Stalker  
  100  6:20  Probe  
  101  6:25  Pylon  
  101  6:26  Probe  
  101  6:30  Pylon  
  101  6:32  Pylon  
  102  6:45  Stargate  
  102  6:49  Forge, Gateway  
  102  6:50  Probe  
  102  6:51  Forge, Probe  
  104  7:02  Carrier  
  104  7:03  Probe  
  104  7:05  Probe  
  112  7:11  Pylon  
  112  7:13  Zealot  
  114  7:15  Zealot  
  114  7:17  Zealot  
  114  7:20  Probe x2  
  120  7:23  Charge  
  120  7:31  Assimilator  
  120  7:32  Probe  
  120  7:33  Probe  
  120  7:34  Assimilator  
  122  7:41  Carrier  
  122  7:43  Probe  
  129  7:46  Probe x2  
  129  7:49  Stalker  
  129  7:51  Stalker  
  135  7:54  Stalker  
  135  7:57  Probe  
  138  7:58  Pylon  
  138  8:02  Probe x2  
  138  8:04  Zealot  
  142  8:09  Tempest  
  142  8:12  Probe  
  148  8:18  Pylon  
  148  8:20  Pylon  
  148  8:21  Stalker  
  148  8:23  Protoss Ground Weapons Level 1  
  148  8:24  Protoss Ground Armor Level 1  
  150  8:28  Probe  
  150  8:29  Probe  
  150  8:33  Pylon  
  152  8:37  Immortal  
  152  8:41  Protoss Air Weapons Level 1  
  156  8:43  Sentry  
  156  8:44  Sentry  
  156  8:46  Stalker  
  156  8:47  Stalker  
Show
View Real Time Build Order
Export as new Build Order

ИИ 1 (знаток) Terran 

Build Orders:  

Get SALT Encoding   

  12  0:00  SCV  
  13  0:13  SCV  
  14  0:18  Supply Depot  
  14  0:25  SCV  
  15  0:40  SCV  
  15  0:42  Barracks  
  16  0:52  SCV  
  17  1:04  SCV  
  18  1:17  Command Center  
  18  1:29  Marine, Orbital Command  
  19  1:37  Supply Depot  
  19  1:44  Refinery  
  19  1:47  Marine  
  20  1:54  SCV  
  20  2:00  Barracks  
  21  2:07  SCV, Refinery  
  22  2:12  Marine  
  23  2:19  SCV  
  24  2:28  Supply Depot  
  24  2:31  Barracks Tech Lab  
  24  2:35  SCV  
  25  2:46  Marine  
  26  2:54  Refinery  
  26  2:58  Marine  
  27  3:07  SCV  
  27  3:09  SCV  
  27  3:11  Marine  
  30  3:13  Factory  
  30  3:23  Marine, SCV  
  30  3:26  SCV  
  33  3:31  Barracks Tech Lab  
  33  3:35  SCV  
  33  3:38  SCV  
  37  3:41  Marauder  
  37  3:48  SCV  
  38  3:49  Factory  
  38  3:51  SCV  
  39  3:56  Factory Tech Lab  
  39  3:59  Starport  
  39  4:10  Starport  
  42  4:17  Siege Tank  
  42  4:23  Refinery  
  42  4:29  Marauder  
  44  4:33  Factory Tech Lab  
  44  4:37  Starport Tech Lab  
  45  4:38  SCV  
  45  4:41  Supply Depot, Reaper  
  45  4:45  SCV  
  47  4:47  Starport Tech Lab  
  47  4:50  SCV  
  48  4:53  Hellion  
  48  4:57  SCV  
  48  4:59  Stimpack  
  50  5:02  SCV  
  50  5:05  Combat Shield, Siege Tank  
  54  5:09  SCV  
  55  5:14  SCV  
  55  5:18  Engineering Bay  
  56  5:25  Supply Depot, SCV  
  56  5:28  SCV  
  58  5:35  Marine  
  58  5:37  SCV  
  58  5:40  SCV  
  61  5:44  Terran Infantry Armor Level 1  
  61  5:48  Marauder  
  61  5:49  SCV  
  64  5:50  Supply Depot  
  64  5:52  SCV  
  65  6:00  Marauder  
  65  6:01  SCV  
  68  6:04  SCV  
  69  6:12  Reaper  
  69  6:16  SCV  
  69  6:17  Supply Depot, SCV  
  72  6:24  Concussive Shells, Viking  
  74  6:28  SCV  
  75  6:36  Hellion  
  75  6:38  SCV  
  78  6:40  Supply Depot  
  78  6:49  Hellion  
  78  6:51  Missile Turret  
  80  6:54  Missile Turret  
  80  6:58  Missile Turret  
  80  7:00  Missile Turret, Siege Tank  
  83  7:02  SCV x2, Raven  
  83  7:05  Supply Depot  
  87  7:12  Sensor Tower  
  87  7:13  Siege Tank  
  87  7:14  SCV  
  87  7:15  Bunker  
  91  7:21  Bunker  
  91  7:26  Raven, Armory  
  91  7:27  SCV  
  91  7:29  Supply Depot  
  94  7:33  Barracks, Siege Tank  
  97  7:39  Terran Infantry Weapons Level 1  
  97  8:21  Barracks Reactor  
  97  9:36  Marine, Medivac x2  
  95  9:41  Marine, Factory  
  95  9:43  Starport  
  95  9:45  Marine, Supply Depot  
  76  9:46  Engineering Bay  
  76  9:49  Marine  
  59  9:55  Marauder  
  59  9:59  Marauder  
  57  10:03  Marine  
  57  10:06  Viking, Medivac  
  61  10:07  Marine  
  61  10:10  Hellion  
  63  10:16  Marauder  
  63  10:19  Starport Reactor, Command Center  
  63  10:20  Marine, Hellion  
  63  10:25  Hellion  
  60  10:29  Marine, Command Center  
  51  10:36  Viking  
  51  10:37  Marine  
  51  10:38  Marauder x2  
  51  10:41  Factory Tech Lab  
  51  10:42  Siege Tank  
  58  10:46  Hellion  
  58  10:49  Marine  
  54  10:54  Hellion  
  53  10:57  Marine  
  53  11:02  Marine  
  53  11:03  Command Center  
  48  11:06  Marine, Raven  
  48  11:11  Marine  
Tags
 
Add a new tag
Caveats
  • Supply blocks, unpowered buildings, or Contaminate may cause inaccurate times.
  • Supply counts are checked every 10 seconds.